 Dungeon Crawl Stone Soup version 0.23.0-3-gf3c87f2 (webtiles) character file.

Game seed: 7840764479681854241

107 inmateoo the Cudgeler (level 4, -6/29 HPs)
             Began as a Gargoyle Chaos Knight on Feb 21, 2019.
             Was a Plaything of Xom.
             Killed by divine providence
             ... invoked by an orc priest
              (14 damage)
             ... on level 3 of the Dungeon.
             The game lasted 00:01:55 (1525 turns).

inmateoo the Cudgeler (Gargoyle Chaos Knight)       Turns: 1525, Time: 00:01:56

Health: -6/29      AC: 16    Str: 17    XL:     4   Next: 85%
Magic:  6/13       EV:  5    Int: 12    God:    Xom [*.....]
Gold:   116        SH:  0    Dex:  9    Spells: 3/3 levels left

rFire    . . .     SeeInvis .   a - +0 flail
rCold    . . .     Gourm    .   (no shield)
rNeg     + . .     Faith    .   l - +0 plate armour
rPois    ∞         Spirit   .   (no helmet)
rElec    +         Reflect  .   i - +0 cloak
rCorr    .         Harm     .   (no gloves)
MR       .....                  (no boots)
Stlth    ..........             (no amulet)
HPRegen  0.09/turn              d - ring of magical power
MPRegen  0.13/turn              (no ring)

@: no status effects
A: negative energy resistance 1, electricity resistance, unbreathing,
petrification resistance, rot immunity, AC +3
a: Renounce Religion


You were on level 3 of the Dungeon.
You worshipped Xom.
You were a special plaything of Xom.
You were not hungry.

You visited 1 branch of the dungeon, and saw 3 of its levels.

You collected 116 gold pieces.

Inventory:

Hand Weapons
 a - a +0 flail (weapon)
Armour
 i - a +0 cloak (worn)
 l - a +0 plate armour (worn)
Jewellery
 d - a ring of magical power (left hand)
Wands
 r - a wand of flame (7)
Scrolls
 b - a scroll of enchant armour {unknown}
 e - 2 scrolls of identify {unknown}
 f - 2 scrolls of magic mapping {unknown}
 g - a scroll of enchant weapon {unknown}
 h - 2 scrolls of fear {unknown}
 n - a scroll of fog {unknown}
 o - a scroll of remove curse {unknown}
 p - a scroll of random uselessness {unknown}
 q - 2 scrolls of teleportation {unknown}
Potions
 j - 2 potions of degeneration {unknown}
 k - a potion of curing {unknown}
 m - a potion of resistance {unknown}
Comestibles
 c - 5 rations


   Skills:
 + Level 3.9 Fighting
 * Level 4.1 Maces & Flails
 + Level 3.1 Armour
 + Level 1.6 Dodging


You had 3 spell levels left.
You didn't know any spells.
Your spell library was empty.

Dungeon Overview and Level Annotations

Branches:
Dungeon (3/15)

Altars:


Innate Abilities, Weirdness & Mutations

You are resistant to torment.
Your stone body is resilient. (AC +3)
You are immune to poison.
You resist negative energy. (rN+)
You are resistant to electric shocks. (rElec)
You can survive without breathing.
You are immune to petrification.
You are immune to rotting.


Message History

The jackal barks!
You hit the orc priest but do no damage.
The orc priest barely misses you.
An orc comes into view. It is wielding a +0 dagger.
The orc shouts!
You hit the orc priest but do no damage.
The orc priest calls down the wrath of Beogh upon you.
Pain shoots through your body!
The orc priest mumbles some strange prayers to Beogh against you.
Beogh smites you!
Ouch! That really hurt!
* * * LOW HITPOINT WARNING * * *
Xom guffaws.
You attempt to intoxicate your foes!
The orc looks rather confused.
The orc priest looks rather confused.
You are now a special plaything of Xom.
The orc priest invokes the aid of Beogh against you.
Beogh smites you!
You die...
Xom cackles wildly!

.....#.........
#.......[.....
####.............
.......#........<
#.......oo....
#.....).......
#...#ho......#
#....o.......#
#..@.###...###
#....##..#...
###.>#..######
###.#..# #...<.##
#...### #..##
#.## #.#


You could see 2 orc priests, 2 orcs and a jackal.

Vanquished Creatures
  3 gnolls (D:2)
  2 adders (D:2)
  A worm (D:2)
  A dart slug (D:1)
  A leopard gecko (D:1)
  An orc (D:3)
  8 bats
  3 giant cockroaches
  8 goblins
  8 hobgoblins
  3 jackals (D:2)
  7 kobolds
  A ball python (D:1)
  5 frilled lizards
  2 rats (D:1)
54 creatures vanquished.

Vanquished Creatures (collateral kills)
  A bat (D:2)
1 creature vanquished.

Grand Total: 55 creatures vanquished

Notes
Turn   | Place    | Note
-------+----------+-------------------------------------------
     0 | D:1      | inmateoo the Gargoyle Chaos Knight began the quest for the
                  | Orb.
     0 | D:1      | Reached XP level 1. HP: 14/14 MP: 1/1
     6 | D:1      | XOM: silly message
    99 | D:1      | Reached skill level 1 in Dodging
    99 | D:1      | Reached XP level 2. HP: 19/19 MP: 2/2
   116 | D:1      | XOM: harmless Hex miscast
   248 | D:1      | XOM: harmless Conj miscast
   292 | D:1      | XOM: harmless Pois miscast
   298 | D:1      | XOM: confuse monster(s)
   331 | D:1      | XOM: cloud trail
   364 | D:1      | XOM: harmless Chrm miscast
   386 | D:1      | XOM: confuse monster(s)
   405 | D:1      | Reached XP level 3. HP: 22/23 MP: 3/3
   482 | D:1      | XOM: mild Ice miscast
   735 | D:1      | XOM: medium Erth miscast
   885 | D:1      | XOM: cloud trail
   997 | D:2      | Reached XP level 4. HP: 25/29 MP: 4/4
  1044 | D:2      | Reached skill level 4 in Maces & Flails
  1458 | D:2      | XOM: cast spell 'Ring of Flames'
  1509 | D:3      | XOM: harmless Fire miscast
  1525 | D:3      | XOM: cast spell 'Alistair's Intoxication'
  1525 | D:3      | Killed from afar by an orc priest

Skill      XL: |  1  2  3  4 |
---------------+-------------+-----
Dodging        | 1 |  1.6
Maces & Flails | 4 |  4.1
Armour         | 3 |  3.1
Fighting       | |  3.9

Action                   |  1- 3 |  4- 6 || total
-------------------------+-------+-------++-------
Melee: Mace              |   133 |    52 ||   185
       Flail             |       |     8 ||     8
 Stab: Confused          |     1 |       ||     1
       Paralysed         |     1 |       ||     1
       Petrified         |     4 |       ||     4
       Petrifying        |     1 |       ||     1
  Eat: Chunk             |       |     2 ||     2
Armor: Leather armour    |    47 |       ||    47
       Plate armour      |    45 |    61 ||   106
Dodge: Dodged            |    64 |    29 ||    93
